 Dungeon Crawl Stone Soup version 0.19-a0-1920-g83281cb (webtiles) character file.

143566 varam the Brawler (level 16, -3/149 HPs)
             Began as a Troll Monk on Oct 23, 2016.
             Was the Champion of Okawaru.
             Slain by a 16-headed hydra (8 damage)
             ... on level 4 of the Swamp on Oct 24, 2016.
             The game lasted 01:55:16 (28186 turns).

varam the Brawler (Troll Monk)                     Turns: 28186, Time: 01:55:17

Health: -3/149     AC: 16    Str: 28    XL:     16   Next: 83%
Magic:  16/17      EV: 19    Int:  9    God:    Okawaru [******]
Gold:   2576       SH: 23    Dex: 16    Spells: 0 memorised, 15 levels left

rFire  . . .     SeeInvis .     w - +8 whip "Snakebite" {curare, rPois}
rCold  . . .     Gourm    +     I - +0 swamp dragon scales
rNeg   . . .     Faith    .     Z - +5 shield "Peokh" {Regen+}
rPois  +         Spirit   .     y - +0 hat
rElec  +         Reflect  +     T - +0 cloak "Dongaxura" {rElec}
rCorr  .         Harm     .     (gloves unavailable)
MR     +++..     Clarity  +     (boots unavailable)
Stlth  +++.......               N - +3 amulet of reflection
                                i - ring of protection from magic
                                E - ring "Ujos" {MR+ Str+4 Int+3}

@: heroism
A: unfitting armour, claws 3, clarity, fast metabolism 3, gourmand, regeneration
1, shaggy fur 1, tough skin 2
a: Heroism, Finesse, Renounce Religion


You were on level 4 of the Swamp.
You worshipped Okawaru.
Okawaru was exalted by your worship.
You were not hungry.

You visited 4 branches of the dungeon, and saw 27 of its levels.
You also visited: Labyrinth.

You collected 2576 gold pieces.

Inventory:

Hand Weapons
 w - the +8 whip "Snakebite" (weapon) {curare, rPois}
   (You found it on level 1 of the Lair of Beasts)

   It poisons the flesh of those it strikes.
   It protects you from poison.
 F - the +1 hand axe of Untimely Demise {drain, rElec rN+ Str+2}
   (Okawaru gifted it to you on level 14 of the Dungeon)

   A truly terrible weapon, it drains the life of those it strikes.
   It affects your strength (+2).
   It insulates you from electricity.
   It protects you from negative energy.
Missiles
 j - 13 tomahawks
 x - 22 large rocks (quivered)
 K - 5 tomahawks of returning
 R - 7 javelins of returning
Armour
 f - the +1 robe "Teuseen" {rF+ Regen+ Dex+2}
   (Okawaru gifted it to you on level 1 of the Swamp)

   It affects your dexterity (+2).
   It protects you from fire.
   It increases your rate of regeneration.
 h - a +2 cloak of magic resistance
 y - a +0 hat (worn)
 I - +0 swamp dragon scales (worn)
 J - the +1 robe of Gravitas {+Inv rC++ Dex+4}
   (Okawaru gifted it to you on level 1 of the Orcish Mines)

   It affects your dexterity (+4).
   It greatly protects you from cold.
   It lets you turn invisible.
 M - +0 ice dragon scales
 P - a +2 robe of fire resistance
 T - the +0 cloak "Dongaxura" (worn) {rElec}
   (You found it in a labyrinth)

   It insulates you from electricity.
 Z - the +5 shield "Peokh" (worn) {Regen+}
   (Okawaru gifted it to you on level 10 of the Dungeon)

   It increases your rate of regeneration.
Jewellery
 i - a ring of protection from magic (right claw)
 E - the ring "Ujos" (left claw) {MR+ Str+4 Int+3}
   (You found it on level 6 of the Dungeon)

   [ring of protection from magic]

   It affects your strength (+4).
   It affects your intelligence (+3).
   It affects your resistance to hostile enchantments.
 N - a +3 amulet of reflection (around neck)
Wands
 c - a wand of lightning (5/15)
 n - a wand of lightning (12/15)
 C - a wand of teleportation (5/9)
 S - a wand of iceblast (7/15)
Scrolls
 b - 2 scrolls of enchant armour
 e - 3 scrolls of remove curse {@r2}
 g - 5 scrolls of identify {@r1}
 k - 2 scrolls of fog
 l - 3 scrolls of teleportation
 L - a scroll of magic mapping {unknown}
Potions
 a - 2 potions of berserk rage {unknown}
 m - 3 potions of curing {@q1}
 o - 4 potions of flight
 q - 2 potions of heal wounds
 t - 5 potions of agility
 u - 3 potions of resistance
 v - a potion of haste {unknown}
 z - a potion of magic {unknown}
 A - 2 potions of beneficial mutation {unknown}
 D - a potion of mutation {unknown}
 G - 2 potions of brilliance
 O - 2 potions of lignification {unknown}
 Y - a potion of ambrosia {unknown}
Books
 s - a book of the Earth

   Spells                             Type                      Level
   a - Leda's Liquefaction            Hexes/Earth                  4
   b - Bolt of Magma                  Conjuration/Fire/Earth       5
   c - Statue Form                    Transmutation/Earth          6
   d - Iron Shot                      Conjuration/Earth            6
   e - Shatter                        Earth                        9
 Q - a book of Party Tricks

   Spells                             Type                      Level
   a - Summon Butterflies             Summoning                    1
   b - Apportation                    Translocation                1
   c - Lesser Beckoning               Translocation                3
   d - Tukima's Dance                 Hexes                        3
   e - Alistair's Intoxication        Transmutation/Poison         5
   f - Invisibility                   Hexes                        6
Miscellaneous
 U - 2 boxes of beasts
 V - a fan of gales (inert)
 W - a fan of gales (inert)
 X - a phantom mirror
Comestibles
 d - 16 royal jellies
 p - 3 meat rations
 B - 30 fruits


   Skills:
 + Level 7.1(12.1) Fighting
 + Level 4.6(9.6) Throwing
 + Level 9.3(14.3) Armour
 + Level 9.8(14.8) Dodging
 - Level 1.0(6.0) Stealth
 + Level 12.2(17.2) Shields
 + Level 19.0(24.0) Unarmed Combat
 + Level 3.7 Invocations
 - Level 2.0 Evocations


You had 15 spell levels left.
You didn't know any spells.

Dungeon Overview and Level Annotations

Branches:
Dungeon (15/15)            Temple (0/1) D:6            Lair (6/6) D:8
  Swamp (4/4) Lair:4        Snake (0/4) Lair:2        Slime (0/5) Lair:6
    Orc (2/2) D:9             Elf (0/3) Orc:2        Vaults (0/5) D:14
 Depths (0/5) D:15

Altars:
Cheibriados
Fedhas
Gozag
Makhleb
Nemelex Xobeh
Okawaru
Qazlal
Ru
Sif Muna
Trog
Vehumet
Xom
Yredelemnul
Zin
Beogh
Jiyva

Shops:
D:5 (   D:13 [   D:15 *   Orc:2 [:[=

Annotations:
Lair:2 exclusion: oklob plant
Lair:5 1 runed door


Innate Abilities, Weirdness & Mutations

You are too large for most types of armour.
You have claws for hands.
Your metabolism is lightning-fast.
You like to eat raw meat.
Your natural rate of healing is unusually fast.
You are covered in fur. (AC +1)
You have very tough skin. (AC +2)
You possess an exceptional clarity of mind.


Message History

* * * LOW HITPOINT WARNING * * *
The 16-headed hydra bites you!
* * * LOW HITPOINT WARNING * * *
The 16-headed hydra bites you.
* * * LOW HITPOINT WARNING * * *
The 16-headed hydra closely misses you. You block the 16-headed hydra's attack.
The 16-headed hydra bites you but does no damage. x3
Evoke which item? (* to show all) (? for menu, Esc to quit)
Zapping:
c - a wand of lightning (5/15)
Press: ? - help, Shift-Dir - straight line, f - you Really target yourself?
Okay, then.
You enter the shallow water.
Moving in this stuff is going to be slow.
You block the 16-headed hydra's attack. x2; The 16-headed hydra bites you.
* * * LOW HITPOINT WARNING * * *
The 16-headed hydra bites you but does no damage.
The 16-headed hydra completely misses you.
The 16-headed hydra bites you!
You die...

♣♣ ♣♣♣♣♣♣♣♣♣♣♣♣♣♣♣♣♣♣♣♣♣♣♣♣♣ ≈♣
♣≈[≈♣≈..♣♣.≈.♣≈≈≈.......♣ .♣♣
♣..≈≈...♣.≈≈.≈.≈≈≈≈≈≈≈≈§. ..♣♣
♣♣♣≈≈≈.♣♣♣@D....≈..≈≈≈≈...≈
≈.≈♣♣♣♣.....≈♣
♣♣..♣..♣♣..≈≈≈≈♣≈.
..♣♣♣.≈≈≈≈≈.♣♣
♣≈..♣♣≈≈≈...≈≈..≈≈
.≈♣♣.≈≈≈≈≈≈≈♣
♣♣♣♣♣♣....≈≈.≈♣≈≈≈
≈§.♣≈≈≈≈≈≈≈≈♣ ♣♣≈♣..≈≈.≈≈.§♣♣
.≈
≈.≈.≈≈≈≈≈≈≈≈♣♣♣♣...≈≈≈≈.≈≈≈..♣
.
♣♣♣≈.≈≈≈≈≈≈≈.≈.≈≈..≈≈≈≈.≈≈.≈≈♣♣
♣♣(≈≈≈.≈≈≈.≈.≈≈≈≈≈≈≈≈..≈≈≈≈≈♣
♣♣≈....≈≈.♣≈≈≈≈≈≈§≈..≈≈≈≈.♣♣ ♣


You could see a 16-headed hydra.

Vanquished Creatures
  Nikola (Swamp:3)
  3 thorn hunters
  Roxanne (Swamp:2)
  Aizul (Swamp:2)
  Louise (Swamp:2)
  An orc warlord (Orc:2)
  Azrael (Orc:2)
  5 dire elephants (Lair:6)
  Snorg (D:12)
  A minotaur (Lab)
  5 ogre magi
  14 hydras
  4 centaur warriors
  A yaktaur captain (D:15)
  Harold (D:12)
  2 catoblepae (Lair:5)
  An anaconda (Lair:6)
  12 alligators
  2 tengu warriors (D:15)
  A thrashing horror (Swamp:4)
  Urug (D:14)
  Nergalle (D:12)
  Sonja (D:12)
  4 spriggans
  A skeletal warrior (D:14)
  An unseen horror (D:14)
  9 swamp dragons
  7 hill giants
  3 shambling mangroves
  2 orc knights (Orc:1)
  A wizard (D:14)
  2 deep elf magi (D:14)
  A wolf spider zombie (D:14)
  2 ugly things (Swamp:4)
  An orc sorcerer (Orc:1)
  6 cyclopes
  17 elephants
  A centaur zombie (D:14)
  7 black mambas
  A manticore (D:12)
  19 spiny frogs
  An orange demon (Swamp:4)
  3 rime drakes
  4 gargoyles
  14 komodo dragons
  A kobold demonologist (D:14)
  8 trolls
  3 meliai (D:14)
  5 tyrant leeches
  A polar bear (Lair:6)
  23 slime creatures
  9 hornets
  A queen bee (Lair:2)
  18 two-headed ogres
  6 bog bodies
  17 blink frogs
  9 hippogriffs
  A wyvern (D:12)
  4 redbacks (D:15)
  A human (D:7)
  3 shadows
  2 wraiths
  Grum (Lair:1)
  39 yaks
  4 basilisks
  2 fire elementals (Orc:1)
  3 hogs (D:7)
  A hungry ghost (D:12)
  17 vampire mosquitoes
  2 mottled dragons
  22 swamp worms
  Menkaure (D:4)
  2 nagas (Lair:2)
  8 insubstantial wisps
  A warg (Orc:1)
  4 hell hounds
  20 water moccasins
  12 porcupines
  10 swamp drakes
  27 orc warriors
  3 sky beasts
  A small abomination (Swamp:4)
  3 eyes of draining
  2 ice beasts
  3 black bears
  A necrophage (D:12)
  3 boggarts (D:14)
  32 ogres
  4 wolves (Lair:1)
  9 centaurs
  15 crocodiles
  Blork the orc (D:6)
  4 big kobolds
  14 bullfrogs
  A wyvern skeleton (D:14)
  4 scorpions
  38 killer bees
  3 howler monkeys
  11 wights
  3 electric eels
  9 crimson imps
  A lava snake (Lair:4)
  2 quasits
  A jelly (D:10)
  24 orc priests
  4 hounds
  5 bullfrog skeletons
  2 iguanas
  8 centaur skeletons
  17 orc wizards
  5 worker ants
  A hound skeleton (D:4)
  Robin (D:4)
  4 gnolls (D:10)
  12 adders
  4 shadow imps
  12 white imps (Lair:1)
  2 oozes
  2 adder zombies (D:8)
  2 adder skeletons
  A worm (D:2)
  3 dart slugs
  A leopard gecko (D:3)
  63 orcs
  6 giant cockroaches
  2 gnoll zombies (D:8)
  10 hobgoblins
  2 jackals (D:3)
  7 quokkas
  A ball python (D:1)
  4 bats
  4 frilled lizards
  11 goblins
  6 kobolds
  A leopard gecko skeleton (D:5)
  A leopard gecko zombie (D:9)
  A quokka skeleton (D:8)
  8 rats
  A fire vortex (Lair:4)
  2 plants (Lair:6)
865 creatures vanquished.

Vanquished Creatures (others)
  Fannar (D:11)
  A deep elf archer (D:14)
  An orange demon (Swamp:4)
  A yaktaur (D:15)
  2 centaurs
  3 briar patches
  8 fungi
  5 plants
22 creatures vanquished.

Grand Total: 887 creatures vanquished

Notes
Turn   | Place    | Note
-------+----------+-------------------------------------------
     0 | D:1      | varam the Troll Monk began the quest for the Orb.
     0 | D:1      | Reached XP level 1. HP: 22/22 MP: 0/0
     3 | D:1      | Noticed an octopode
     3 | D:1      | Noticed an ogre
     5 | D:1      | Noticed a demonspawn
     5 | D:1      | Noticed a dwarf
     7 | D:1      | Noticed a human
     9 | D:1      | Noticed a naga
    11 | D:1      | Noticed a halfling
    11 | D:1      | Noticed a draconian
    13 | D:1      | Noticed an elf
    13 | D:1      | Noticed a centaur
    15 | D:1      | Noticed a vine stalker
    17 | D:1      | Noticed a gargoyle
    17 | D:1      | Noticed a troll
    19 | D:1      | Noticed a minotaur
    21 | D:1      | Noticed a felid
    21 | D:1      | Noticed a demigod
    23 | D:1      | Noticed a ghoul
    23 | D:1      | Noticed a formicid
    25 | D:1      | Noticed a merfolk
    25 | D:1      | Noticed a spriggan
    27 | D:1      | Noticed a vampire
    27 | D:1      | Noticed a tengu
   106 | D:1      | Reached XP level 2. HP: 28/29 MP: 1/1
   302 | D:2      | Reached skill level 4 in Unarmed Combat
   311 | D:2      | Reached XP level 3. HP: 36/36 MP: 2/2
   361 | D:2      | Found a sparkling altar of Nemelex Xobeh.
   365 | D:2      | Found an iron altar of Okawaru.
   375 | D:2      | Became a worshipper of Warmaster Okawaru
   375 | D:2      | Reached * piety under Okawaru
   375 | D:2      | Reached ** piety under Okawaru
  1151 | D:2      | Found a burning altar of Makhleb.
  1154 | D:2      | Reached skill level 5 in Unarmed Combat
  1154 | D:2      | Reached XP level 4. HP: 44/44 MP: 3/3
  1756 | D:3      | Found a shimmering altar of Xom.
  1841 | D:3      | Reached XP level 5. HP: 48/50 MP: 4/4
  2162 | D:4      | Noticed Menkaure
  2341 | D:5      | Entered Level 5 of the Dungeon
  2422 | D:5      | Reached skill level 6 in Unarmed Combat
  2469 | D:5      | Reached XP level 6. HP: 59/59 MP: 5/5
  2604 | D:5      | Found Pyziegha's Weapon Shop.
  3003 | D:6      | Noticed an orc warrior
  3118 | D:4      | Killed Menkaure
  3118 | D:4      | Reached skill level 1 in Throwing
  3192 | D:4      | Reached XP level 7. HP: 42/66 MP: 6/6
  3290 | D:4      | Found a sacrificial altar of Ru.
  3368 | D:4      | Reached *** piety under Okawaru
  3368 | D:4      | Reached skill level 7 in Unarmed Combat
  3404 | D:4      | Noticed Robin
  3417 | D:4      | Killed Robin
  3448 | D:4      | Found a bloodstained altar of Trog.
  3483 | D:4      | Found a snail-covered altar of Cheibriados.
  3534 | D:4      | Found a stormy altar of Qazlal.
  3647 | D:6      | Got a scorched tin ring
  3648 | D:6      | Identified the ring "Ujos" {MR+ Str+4 Int+3} (You found it on level 6 of the Dungeon)
  3697 | D:6      | Found a staircase to the Ecumenical Temple.
  3988 | D:6      | Reached skill level 8 in Unarmed Combat
  4092 | D:6      | Noticed Blork the orc
  4140 | D:6      | Found a deep blue altar of Sif Muna.
  4149 | D:6      | Killed Blork the orc
  4149 | D:6      | Reached XP level 8. HP: 63/74 MP: 7/7
  4622 | D:7      | Found a radiant altar of Vehumet.
  4654 | D:7      | Reached **** piety under Okawaru
  4654 | D:7      | Reached skill level 5 in Dodging
  4654 | D:7      | Reached skill level 9 in Unarmed Combat
  4680 | D:7      | Reached XP level 9. HP: 34/81 MP: 6/8
  5033 | D:8      | Reached skill level 10 in Unarmed Combat
  5132 | D:8      | Found a staircase to the Lair.
  5142 | D:8      | Reached ***** piety under Okawaru
  5545 | D:8      | Found a basalt altar of Yredelemnul.
  5684 | D:8      | Found a glowing silver altar of Zin.
  5881 | D:9      | Reached skill level 11 in Unarmed Combat
  5954 | D:9      | Noticed a troll
  5965 | D:9      | Killed a troll
  6117 | D:9      | Found a staircase to the Orcish Mines.
  6266 | D:9      | Received a gift from Okawaru
  6272 | D:9      | Got a heavily jewelled robe {god gift}
  6285 | D:9      | Identified the +1 robe of Haunadesm {rF+ Str+2} (Okawaru gifted it to you on level 9 of the Dungeon)
  6473 | D:9      | Reached XP level 10. HP: 72/91 MP: 9/9
  6835 | Lair:1   | Entered Level 1 of the Lair of Beasts
  7142 | Lair:1   | Noticed a black mamba
  7151 | Lair:1   | Killed a black mamba
  7151 | Lair:1   | Reached skill level 12 in Unarmed Combat
  7183 | Lair:1   | Noticed a spiny frog
  7196 | Lair:1   | Killed a spiny frog
  7256 | Lair:1   | Identified a scroll of acquirement
  7287 | Lair:1   | Noticed a black mamba
  7287 | Lair:1   | Reached skill level 13 in Unarmed Combat
  7291 | Lair:1   | Killed a black mamba
  7291 | Lair:1   | Reached skill level 1 in Invocations
  7320 | Lair:1   | Reached skill level 1 in Armour
  7321 | Lair:1   | Noticed a black mamba
  7324 | Lair:1   | Killed a black mamba
  7381 | Lair:1   | Reached XP level 11. HP: 70/100 MP: 10/10
  7598 | Lair:1   | Noticed Grum
  7672 | Lair:1   | Killed Grum
  8143 | Lair:1   | Received a gift from Okawaru
  8429 | Lair:1   | Noticed a six-headed hydra
  8442 | Lair:1   | Killed a six-headed hydra
  8442 | Lair:1   | Reached skill level 14 in Unarmed Combat
  8566 | Lair:2   | Noticed an eight-headed hydra
  8715 | Lair:2   | Found a staircase to the Snake Pit.
  8736 | Lair:2   | Killed an eight-headed hydra
  8857 | Lair:2   | Found a labyrinth entrance.
  8938 | Lair:2   | Noticed an oklob plant
  9009 | Lair:2   | Reached skill level 5 in Armour
  9025 | Lab      | Entered a labyrinth
  9253 | Lab      | Noticed a minotaur
  9262 | Lab      | Killed a minotaur
  9262 | Lab      | Reached skill level 5 in Fighting
  9281 | Lab      | Got a slimy lajatang
  9281 | Lab      | Got a faintly glowing cloak
  9284 | Lab      | Identified the +9 lajatang of Uhetiorr {elec, Str+3 Int+4} (You found it in a labyrinth)
  9321 | Lair:2   | HP: 2/102 [killer bee (5)]
  9326 | Lair:2   | HP: 5/102 [poisoned by a killer bee]
  9522 | D:10     | Entered Level 10 of the Dungeon
  9586 | D:10     | Got a wavering bronze amulet
  9659 | D:10     | Received a gift from Okawaru
  9665 | D:10     | Got a warped shield {god gift}
  9671 | D:10     | Identified the cursed +0 cloak "Dongaxura" {rElec} (You found it in a labyrinth)
  9681 | D:10     | Identified the +5 shield "Peokh" {Regen+} (Okawaru gifted it to you on level 10 of the Dungeon)
  9892 | D:10     | Noticed a hill giant
  9899 | D:10     | Killed a hill giant
 10008 | D:10     | Noticed a hill giant
 10010 | D:10     | Reached XP level 12. HP: 87/111 MP: 13/13
 10074 | D:10     | Identified the amulet "Yreyg" {Inacc rPois} (You found it on level 10 of the Dungeon)
 10081 | D:10     | Got an ancient cloak
 10112 | D:10     | Identified the +0 cloak of the Bulwark {rF- Int+4} (You acquired it on level 10 of the Dungeon)
 10467 | D:11     | Found an opulent altar of Gozag.
 10495 | D:11     | Found an iron altar of Okawaru.
 10636 | D:11     | Noticed Fannar
 10665 | D:11     | Killed Fannar
 11066 | D:11     | Noticed an eight-headed hydra
 11084 | D:11     | Killed an eight-headed hydra
 11633 | D:12     | Noticed Sonja
 11634 | D:12     | Noticed Harold
 11656 | D:12     | Killed Harold
 11656 | D:12     | Reached skill level 1 in Shields
 11674 | D:12     | Killed Sonja
 12778 | Lair:2   | Received a gift from Okawaru
 12834 | Lair:3   | Received a gift from Okawaru
 12864 | Lair:3   | Reached XP level 13. HP: 120/120 MP: 14/14
 13229 | Lair:3   | Reached skill level 5 in Shields
 13934 | Lair:4   | Found a staircase to the Swamp.
 14824 | Lair:5   | Reached ****** piety under Okawaru
 14876 | Lair:5   | Found a runed door.
 14948 | Lair:5   | Reached skill level 15 in Unarmed Combat
 15438 | Lair:5   | You fall through a shaft!
 15438 | Lair:6   | Entered Level 6 of the Lair of Beasts
 15483 | Lair:6   | Received a gift from Okawaru
 15488 | Lair:6   | Found a viscous altar of Jiyva.
 15491 | Lair:6   | Found a staircase to the Slime Pits.
 15900 | Lair:6   | Received a gift from Okawaru
 16302 | Lair:6   | Noticed a dire elephant
 16302 | Lair:6   | Noticed a dire elephant
 16315 | Lair:6   | Killed a dire elephant
 16316 | Lair:6   | Noticed a dire elephant
 16324 | Lair:6   | Killed a dire elephant
 16324 | Lair:6   | Reached XP level 14. HP: 131/131 MP: 13/15
 16778 | Orc:1    | Entered Level 1 of the Orcish Mines
 16895 | Orc:1    | Received a gift from Okawaru
 16958 | Orc:1    | Found a roughly hewn altar of Beogh.
 16982 | Orc:1    | Got an opalescent robe {god gift}
 16993 | Orc:1    | Identified the +1 robe of Gravitas {+Inv rC++ Dex+4} (Okawaru gifted it to you on level 1 of the Orcish Mines)
 17199 | Orc:1    | Found a roughly hewn altar of Beogh.
 17502 | Orc:2    | Entered Level 2 of the Orcish Mines
 17502 | Orc:2    | Found a staircase to the Elven Halls.
 17535 | Orc:2    | Noticed Azrael
 17605 | Orc:2    | Killed Azrael
 17661 | Orc:2    | Reached skill level 16 in Unarmed Combat
 17795 | Orc:2    | Noticed an orc warlord
 17809 | Orc:2    | Killed an orc warlord
 18542 | Orc:2    | Found Saenois's Armour Boutique.
 18542 | Orc:2    | Found Xepeghil's Armour Shoppe.
 18542 | Orc:2    | Found Xoixkagg's Jewellery Emporium.
 18542 | Orc:2    | Found Oliggaek's Book Boutique.
 18552 | Orc:2    | Received a gift from Okawaru
 19104 | D:12     | Gained mutation: You possess an exceptional clarity of mind. [mutagenic meat]
 19172 | D:12     | Noticed Nergalle
 19187 | D:12     | Killed Nergalle
 19572 | D:12     | Noticed Snorg
 19583 | D:12     | Killed Snorg
 20185 | D:15     | Entered Level 15 of the Dungeon
 20185 | D:15     | Found a blossoming altar of Fedhas.
 20213 | D:14     | Reached skill level 10 in Shields
 20325 | D:14     | Reached XP level 15. HP: 99/139 MP: 16/16
 20863 | D:13     | Found Duppele's Armour Shop.
 21312 | D:14     | Reached skill level 17 in Unarmed Combat
 21329 | D:14     | Received a gift from Okawaru
 21367 | D:14     | Got a shimmering hand axe {god gift}
 21368 | D:14     | Identified the +1 hand axe of Untimely Demise {drain, rElec rN+ Str+2} (Okawaru gifted it to you on level 14 of the Dungeon)
 21397 | D:14     | Found a gate to the Vaults.
 21477 | D:14     | Got a brightly glowing robe
 21488 | D:14     | Identified the cursed -5 robe of Misfortune {-Cast *Contam *Tele *Drain EV-5 Stlth-- *Curse} (You found it on level 14 of the Dungeon)
 21665 | D:14     | Noticed Urug
 21678 | D:14     | Killed Urug
 21973 | D:15     | Found Fueph's Elemental Accessories.
 22183 | D:15     | Got a shimmering garnet amulet
 22185 | D:15     | Identified the amulet "Mefaka" {RegenMP rF+ Str+2 Dex+4 Slay-4} (You found it on level 15 of the Dungeon)
 22484 | D:15     | Found a staircase to the Depths.
 22906 | Swamp:1  | Entered Level 1 of the Swamp
 22973 | Swamp:1  | Received a gift from Okawaru
 22976 | Swamp:1  | Got a shadowed robe {god gift}
 23163 | Swamp:1  | Identified the +1 robe "Teuseen" {rF+ Regen+ Dex+2} (Okawaru gifted it to you on level 1 of the Swamp)
 23201 | Swamp:1  | Reached skill level 1 in Evocations
 23497 | Swamp:2  | Noticed Roxanne
 23590 | Swamp:4  | Entered Level 4 of the Swamp
 23850 | Swamp:1  | Paralysed by a hornet for 2 turns
 24091 | Swamp:1  | Reached skill level 18 in Unarmed Combat
 24145 | Swamp:1  | Reached XP level 16. HP: 146/146 MP: 17/17
 24631 | Swamp:2  | Killed Roxanne
 24662 | Swamp:3  | Noticed a thorn hunter
 24672 | Swamp:3  | Killed a thorn hunter
 24884 | Swamp:2  | Noticed Aizul
 24910 | Swamp:2  | Killed Aizul
 25091 | Swamp:2  | Noticed Louise
 25109 | Swamp:2  | Killed Louise
 25109 | Swamp:2  | Received a gift from Okawaru
 25774 | Swamp:3  | Noticed Nikola
 26074 | Swamp:4  | Noticed a thorn hunter
 26104 | Swamp:4  | Killed a thorn hunter
 26264 | Swamp:3  | Noticed a thorn hunter
 26447 | Swamp:3  | Killed a thorn hunter
 26447 | Swamp:3  | Received a gift from Okawaru
 26622 | Swamp:3  | Killed Nikola
 27842 | Swamp:4  | Reached skill level 19 in Unarmed Combat
 28048 | Swamp:4  | HP: 2/149 [16-headed hydra (6)]
 28185 | Swamp:4  | HP: 7/149 [16-headed hydra (1)]
 28186 | Swamp:4  | Slain by a 16-headed hydra

Vault maps used:
D:1:      kb_arrival_jail, kennysheep_nondescript, st_stairs_4, minmay_tall_x
D:2:      makhleb_grotto_becter, okawaru_metal_pillars_1_2,
          nemelex_xobeh_ov_fountains_minmay
D:3:      lemuel_round_altar
D:4:      lemuel_doored_altar, kennysheep_mini, nicolae_ru_sacrificial_ziggurat,
          glass_columns_a, grunt_qazlal_clouds, uniq_robin, uniq_menkaure
D:5:      serial_shops, kennysheep_mini_moat, first_bread
D:6:      tgw_sif
D:7:      fiery_altar_vehumet, grunt_livestock
D:8:      lemuel_zombie_altar_yredelemnul, zin_statuary, minmay_lair_entry_lava,
          grunt_decor_arrowhead
D:9:      orc_0_dummy
D:10:     hangedman_decor_opposing, columned_hall_lemuel, grunt_decor_one_mirror
D:11:     basic_altar, nicolae_gozag_seed_capital, uniq_fannar
D:12:     uniq_harold, uniq_sonja, uniq_snorg, uniq_nergalle
D:13:     serial_shops, shop
D:14:     hangedman_vaults_entry_quadrant_bands, minmay_misc_feat_iff,
          kennysheep_opposing_triangles, uniq_urug
D:15:     grunt_enter_depths_snipers, fedhas_altar_2, nicolae_elemental_shop
Lair:1:   minmay_guarded_unrand_snakebite, portal_ice_cave_entry_imps,
          grunt_forest_large_clearings, uniq_grum
Lair:2:   minmay_snake_entry_guardpost_small, lab_entry_generic, special_room,
          grunt_megastairs_4
Lair:4:   minmay_swamp_entry_worms
Lair:5:   cheibrodos_lair_caveside_slide, wad_woods_road_02, pf_torpor_hydra,
          infiniplex_staircase_pool, serial_bayou_shore_b
Lair:6:   due_jungle_book, slime_altar_1, grunt_megastairs_5
Swamp:1:  serial_swamp_ruin, evilmike_swamp_ruin_house_3,
          evilmike_swamp_ruin_house_2, evilmike_swamp_ruin_house_6
Swamp:2:  nicolae_swamp_dense_foliage, swamp_pool2, nicolae_swamp_fairy_circle,
          uniq_louise, uniq_roxanne, uniq_aizul
Swamp:3:  evilmike_swamp_ruin_rubble_2, uniq_nikola
Swamp:4:  swamp_vile, hangedman_swamp_lotus
Orc:1:    special_room, nicolae_orc_lost_temple
Orc:2:    st_orc_ogre_mass, uniq_azrael
Lab:      labyrinth_hidden_loot, nicolae_lab_stuck, labyrinth_skeletal_remains,
          labyrinth_lava_lair

Skill      XL: |  1  2  3  4  5  6  7  8  9 10 11 12 13 14 15 16 |
---------------+-------------------------------------------------+-----
Unarmed Combat | 4 5 6 8 9 11 13 14 15 16 18 19 | 19.0
Dodging        | 3 4 5 6 7 8 9 |  9.8
Throwing       | 1 2 3 4 |  4.6
Fighting       | 3 4 5 6 7 |  7.1
Invocations    | 1 2 3 |  3.7
Armour         | 1 5 7 8 9 |  9.3
Shields        | 4 7 10 11 12 | 12.2
Evocations     | 2 |  2.0
Stealth        | |  1.0

Action                   |  1- 3 |  4- 6 |  7- 9 | 10-12 | 13-15 | 16-18 || total
-------------------------+-------+-------+-------+-------+-------+-------++-------
Melee: Unarmed           |    82 |   137 |   258 |   263 |  1399 |   456 ||  2595
       Punch             |       |     1 |    11 |    50 |       |       ||    62
       Whip              |       |       |       |   446 |    52 |    14 ||   512
Throw: Tomahawk          |       |     2 |    15 |     2 |    20 |     2 ||    41
       Large rock        |       |       |       |       |    11 |    13 ||    24
Invok: Heroism           |       |     1 |     3 |    16 |    13 |    11 ||    44
       Finesse           |       |       |       |     3 |     2 |     3 ||     8
Evoke: Wand              |       |       |       |     1 |       |     1 ||     2
       Fan of gales      |       |       |       |       |       |     1 ||     1
  Use: Scroll            |       |       |    14 |     5 |     9 |     8 ||    36
       Potion            |       |       |       |     7 |       |     4 ||    11
 Stab: Sleeping          |       |     2 |     1 |       |       |       ||     3
       Distracted        |       |       |       |     1 |       |       ||     1
  Eat: Chunk             |    15 |    13 |    34 |    53 |   104 |    14 ||   233
       Meat ration       |       |       |       |     1 |       |     1 ||     2
       Royal jelly       |       |       |       |     1 |       |       ||     1
       Pizza             |       |       |       |     1 |       |       ||     1
       Fruit             |       |       |       |       |       |     3 ||     3
       Bread ration      |       |       |       |       |       |     2 ||     2
       Beef jerky        |       |       |       |       |       |     1 ||     1
Armor: Robe              |    24 |    32 |    36 |     2 |    13 |       ||   107
       Ice dragon scales |       |       |       |   430 |   245 |    15 ||   690
       Skin              |       |       |       |       |     8 |       ||     8
       Swamp dragon scal |       |       |       |       |       |   155 ||   155
Dodge: Dodged            |    36 |    64 |   101 |   573 |   353 |   274 ||  1401
Block: Shield            |       |       |       |   162 |  1077 |   548 ||  1787
       Reflection        |       |       |       |       |    51 |     8 ||    59
